 Dungeon Crawl Stone Soup version 0.22.1-1-ga44c0e5 (webtiles) character file.

72 Monsterracer the Conjurer (level 4, -5/27 HPs)
             Began as an Octopode Wizard on Oct 6, 2018.
             Slain by Grinder (11 damage)
             ... on level 3 of the Dungeon.
             The game lasted 00:03:26 (2654 turns).

Monsterracer the Conjurer (Octopode Wizard)         Turns: 2654, Time: 00:03:27

Health: -5/27      AC:  1    Str:  6    XL:     4   Next: 25%
Magic:  2/8        EV: 13    Int: 21    God:
Gold:   129        SH:  0    Dex: 10    Spells: 0/9 levels left

rFire    . . .     SeeInvis .   a - +2 dagger (venom)
rCold    . . .     Gourm    .   (no shield)
rNeg     . . .     Faith    .   d - +0 hat
rPois    .         Spirit   .   (no amulet)
rElec    .         Reflect  .   (no ring)
rCorr    .         Harm     .   (no ring)
MR       .....                  (no ring)
Stlth    +++.......             (no ring)
HPRegen  0.09/turn              (no ring)
MPRegen  0.11/turn              (no ring)
                                (no ring)
                                (no ring)

@: no status effects
A: almost no armour, stealthy swim, amphibious, 8 rings, constrict 8, camouflage
1, gelatinous body 1
a: no special abilities


You were on level 3 of the Dungeon.
You were very hungry.

You visited 1 branch of the dungeon, and saw 3 of its levels.

You collected 129 gold pieces.

Inventory:

Hand Weapons
 a - a +2 dagger of venom (weapon)
 b - a +0 spear
Armour
 d - a +0 hat (worn)
Scrolls
 f - 5 scrolls of teleportation {!r}
 g - a scroll of remove curse {unknown}
 h - a scroll of immolation {unknown}
 i - a scroll of amnesia {unknown}
 m - a scroll of blinking {unknown}
Potions
 e - 2 potions of curing {unknown}
 j - a potion of mutation {unknown}
 k - a potion of degeneration {unknown}
 l - a potion of might {unknown}
Comestibles
 c - 11 rations


   Skills:
 - Level 2.0 Dodging
 - Level 2.6 Stealth
 - Level 3.0 Spellcasting
 + Level 4.0 Conjurations
   Level 1.0 Summonings
 - Level 1.0 Translocations


You couldn't memorise any spells.
You knew the following spells:

 Your Spells              Type           Power        Failure   Level  Hunger
a - Magic Dart            Conj           ###.         2%          1    None
b - Conjure Flame         Conj/Fire      ##......     17%         3    ###....
c - Mephitic Cloud        Conj/Pois/Air  #.......     22%         3    ###....
e - Blink                 Tloc           N/A          13%         2    ##.....

Your spell library contained the following spells:

 Spells                   Type           Power        Failure   Level  Hunger
 Call Imp                 Summ           #.......     13%         2    ##.....
 Slow                     Hex            #.......     21%         2    ##.....


Dungeon Overview and Level Annotations

Branches:
Dungeon (3/15)

Altars:

Annotations:
D:3 Grinder, Sigmund


Innate Abilities, Weirdness & Mutations

You cannot wear most types of armour.
You are very stealthy in the water. (Stealth+)
You are amphibious.
You can wear up to eight rings at the same time.
You can use your tentacles to constrict eight enemies at once.
Your skin changes colour to match your surroundings (Stealth+).
Your rubbery body absorbs attacks. (AC +1, EV +1)


Message History

Okay, then.
c - 10 rations (gained 1)
c - 11 rations (gained 1)
A kobold comes into view. It is wielding a short sword.
A rat comes into view.
As you read the scroll labeled NYUSIE AWUE, it crumbles to dust.
You feel strangely unstable.
It was a scroll of teleportation.
You are feeling very hungry.
The kobold shouts!
There are monsters nearby!
Casting: Magic Dart (safe; 2% risk of failure)
Confirm with . or Enter, or press ? or * to list all spells.
Aiming: Magic Dart (safe; 2% risk of failure)
Press: ? - help, Shift-Dir - straight line, f - rat
Aim: a rat The magic dart hits the rat.
You kill the rat!
You now have 7/8 mp.
Sigmund the Dreaded comes into view.
He is wielding a scythe.
Your surroundings suddenly seem different.
Sigmund moves out of view.
Magic restored.
You open the door.
Grinder comes into view.
Found a dagger.
MP restored: 8 Grinder shouts!
You hit Grinder but do no damage. You grab Grinder.
You constrict Grinder, but do no damage.
Grinder misses you.
You hit Grinder. You squeeze Grinder.
Grinder is lightly wounded.
You constrict Grinder, but do no damage.
Grinder hits you!
You writhe in agony.
You take 10 damage, and have 17/27 hp.
MASSIVE DAMAGE!!
Casting: Magic Dart (safe; 2% risk of failure)
Confirm with . or Enter, or press ? or * to list all spells.
Aiming: Magic Dart (safe; 2% risk of failure)
Press: ? - help, Shift-Dir - straight line, f - Grinder
Aim: Grinder (lightly wounded, constricted by you)
The magic dart hits Grinder.
Grinder is lightly wounded.
You constrict Grinder, but do no damage.
Grinder hits you.
* * * LOW HITPOINT WARNING * * *
You writhe in agony.
* * * LOW HITPOINT WARNING * * *
You take 7 damage, and have 10/27 hp.
MASSIVE DAMAGE!!
You now have 7/8 mp.
Casting: Magic Dart (safe; 2% risk of failure)
Confirm with . or Enter, or press ? or * to list all spells.
Aiming: Magic Dart (safe; 2% risk of failure)
Press: ? - help, Shift-Dir - straight line, f/p - Grinder
Aim: Grinder (lightly wounded, constricted by you)
The magic dart hits Grinder.
Grinder is lightly wounded.
You constrict Grinder. Grinder barely misses you.
You now have 6/8 mp.
Casting: Magic Dart (safe; 2% risk of failure)
Confirm with . or Enter, or press ? or * to list all spells.
Aiming: Magic Dart (safe; 2% risk of failure)
Press: ? - help, Shift-Dir - straight line, f/p - Grinder
Aim: Grinder (lightly wounded, constricted by you)
The magic dart hits Grinder.
Grinder is lightly wounded.
You constrict Grinder.
Grinder struggles to blink free from constriction.
You now have 5/8 mp.
Casting: Magic Dart (safe; 2% risk of failure)
Confirm with . or Enter, or press ? or * to list all spells.
Aiming: Magic Dart (safe; 2% risk of failure)
Press: ? - help, Shift-Dir - straight line, f/p - Grinder
Aim: Grinder (moderately wounded, constricted by you)
The magic dart hits Grinder.
Grinder is moderately wounded.
You constrict Grinder. Grinder gestures at you.
You barely resist.
You now have 4/8 mp.
Casting: Magic Dart (safe; 2% risk of failure)
Confirm with . or Enter, or press ? or * to list all spells.
Aiming: Magic Dart (safe; 2% risk of failure)
Press: ? - help, Shift-Dir - straight line, f/p - Grinder
Aim: Grinder (heavily wounded, constricted by you)
The magic dart hits Grinder.
Grinder is heavily wounded.
You constrict Grinder. Grinder gestures at you. Pain shoots through your body!
* * * LOW HITPOINT WARNING * * *
You take 4 damage, and have 6/27 hp.
You now have 3/8 mp.
Unknown command.
Casting: Magic Dart (safe; 2% risk of failure)
Confirm with . or Enter, or press ? or * to list all spells.
Aiming: Magic Dart (safe; 2% risk of failure)
Press: ? - help, Shift-Dir - straight line, f/p - Grinder
Aim: Grinder (heavily wounded, constricted by you)
The magic dart hits Grinder.
Grinder is heavily wounded.
You constrict Grinder. Grinder hits you!
You die...

#.# #.#.#####
##.## #.# #.#
#.#.# #.# #..
#.###.#.# #.# ###
#.......# #+#
#####.### .).
###.#### .... #
#......# .....
##.
#......####......
###.@
#........@5......
.....
####...####......
###.. ######..##
..... ##.
#......## .... #.
#.####.# ... #
#.# #.# +# #<#
#.# #.# ..# #.#
#.#


You could see Grinder.

Vanquished Creatures
  4 worms (D:2)
  2 dart slugs
  3 bats (D:1)
  A giant cockroach (D:2)
  6 goblins
  7 hobgoblins
  2 jackals (D:1)
  8 kobolds
  2 quokkas (D:2)
  2 frilled lizards
  21 rats
58 creatures vanquished.

Notes
Turn   | Place    | Note
-------+----------+-------------------------------------------
     0 | D:1      | Monsterracer the Octopode Wizard began the quest for the
                  | Orb.
     0 | D:1      | Reached XP level 1. HP: 11/11 MP: 4/4
   212 | D:1      | Reached skill level 2 in Conjurations
   212 | D:1      | Reached XP level 2. HP: 9/17 MP: 0/6
   216 | D:1      | Learned a level 2 spell: Blink
   848 | D:1      | Reached XP level 3. HP: 21/21 MP: 2/7
   853 | D:1      | Learned a level 3 spell: Conjure Flame
  1105 | D:2      | Reached skill level 3 in Conjurations
  2006 | D:2      | Reached XP level 4. HP: 27/27 MP: 5/8
  2014 | D:2      | Learned a level 3 spell: Mephitic Cloud
  2282 | D:2      | Reached skill level 4 in Conjurations
  2620 | D:3      | Noticed Sigmund
  2644 | D:3      | Noticed Grinder
  2649 | D:3      | HP: 12/27 [Grinder (6)]
  2654 | D:3      | Slain by Grinder

Skill      XL: |  1  2  3  4 |
---------------+-------------+-----
Conjurations   | 2 3 4 |  4.0
Dodging        | |  2.0
Stealth        | |  2.6
Spellcasting   | |  3.0
Summonings     | |  1.0
Translocations | |  1.0

Action                   |  1- 3 |  4- 6 || total
-------------------------+-------+-------++-------
Melee: Short sword       |     9 |       ||     9
       Constrict         |     8 |     2 ||    10
       Unarmed           |     2 |       ||     2
       Tentacles         |     3 |     1 ||     4
       Spear             |    14 |       ||    14
       Dagger            |       |     2 ||     2
       Whip              |       |     1 ||     1
 Cast: Magic Dart        |    90 |    34 ||   124
  Use: Scroll            |       |     1 ||     1
 Stab: Sleeping          |     1 |       ||     1
  Eat: Chunk             |     3 |     1 ||     4
Armor: Skin              |     5 |       ||     5
Dodge: Dodged            |    13 |     2 ||    15

Vault maps used:
D:1:      dpeg_arrival_water_temple_mockup
D:2:      first_ration, minmay_rat_hole
D:3:      zin_angel, minmay_fountain_box, uniq_sigmund, uniq_robin, uniq_grinder
